AoeStats
← Kaiser Ze

Nomad

509335695Analyzed
2v2 RM · 6d ago on Sep 26, 2026· 46m 37s· 4 players
Game mode
Random Map
Map size
176×176
Population
200
Speed
Normal
Resources
Standard
Victory
Conquest
Starting age
Dark Age
Ending age
Imperial Age
RankedLock teamsTeams togetherTeam positionsShared explorationLock speedFull tech treeHidden civsTurbo modeCheats
Victory
Defeat
🇨🇳 Persians · China
1400
+15
🇨🇳 Wu · China
1339
+18
🇳🇱 Saxons · Netherlands
1397
-17
🇳🇱 Varangians · Netherlands
1358
-16
老菜套
4:02 Loom
14:29 Feudal Age
15:04 Town Watch
18:15 Castle Age
16:18 Double-Bit Axe
17:08 Gold Mining
17:26 Horse Collar
18:40 Fletching
24:10 Bodkin Arrow
24:51 Padded Archer Armor
27:24 Forging
28:32 Scale Mail Armor
32:39 Chain Mail Armor
36:30 Wheelbarrow
39:55 Imperial Age
37:32 Squires
38:03 Scale Barding Armor
38:22 Medium Warships
39:41 Bloodlines
39:53 Chain Barding Armor
39:40 Heavy Plow
40:17 Gold Shaft Mining
40:39 Husbandry
40:59 Stone Mining
41:02 Heavy Hei Guang Cavalry
42:05 Conscription
42:44 Hand Cart
43:29 Plate Barding Armor
43:57 Town Patrol
46:57 Iron Casting
46:23 Bracer
Kaiser Ze
6:14 Loom
11:26 Feudal Age
14:38 Double-Bit Axe
18:17 Castle Age
15:58 Horse Collar
19:59 Bloodlines
20:43 Wheelbarrow
22:47 Fletching
25:57 Bodkin Arrow
26:23 Padded Archer Armor
27:12 Husbandry
28:32 Leather Archer Armor
33:29 Ballistics
34:45 Thumb Ring
35:48 Bow Saw
36:17 Parthian Tactics
36:18 Town Watch
41:26 Imperial Age
41:13 Hand Cart
42:31 Gold Mining
42:32 Stone Mining
43:30 Ring Archer Armor
43:09 Heavy Plow
43:15 Heavy Cavalry Archer
46:16 Pikeman
46:56 Squires
46:41 Gambesons
46:42 Arson
47:10 Forging
47:00 Scale Mail Armor
[Snats] Sjoerd&Naat Carrier
4:26 Loom
13:23 Feudal Age
17:46 Castle Age
18:57 Scale Barding Armor
19:03 Forging
19:10 Medium Warships
20:38 Scale Mail Armor
21:14 Iron Casting
22:44 Squires
23:26 Double-Bit Axe
23:49 Fishing Lines
27:19 Wheelbarrow
26:32 Town Watch
28:05 Bloodlines
28:28 Chain Mail Armor
31:20 Chain Barding Armor
31:12 Husbandry
32:28 Pikeman
38:30 Vendel Legacy
43:15 Imperial Age
40:38 Horse Collar
41:24 Heavy Plow
41:55 Bow Saw
42:24 Hand Cart
43:25 Cavalier
44:47 Plate Barding Armor
45:20 Blast Furnace
45:44 Conscription
[Snats] Naat&Sjoerd Carrier
4:23 Loom
13:08 Feudal Age
13:45 Double-Bit Axe
17:37 Castle Age
15:58 Fishing Lines
16:29 Stone Mining
17:15 Scale Mail Armor
17:26 Forging
18:32 Bow Saw
19:05 Gillnets
19:23 Squires
19:08 Arson
19:24 Gold Mining
21:10 Fletching
22:00 Chain Mail Armor
22:24 Horse Collar
24:04 Iron Casting
25:05 Bodkin Arrow
31:15 Heavy Plow
40:36 Ballistics
43:43 Imperial Age
42:08 Wheelbarrow
42:22 Masonry
43:49 Elite Varangian Guard
45:19 Plate Mail Armor
Connection lost

Rejoining the realm…

Still unreachable

The connection could not be restored.

Session expired

The server has moved on; the page needs a fresh start.